AoeStats
← 17_Neo_

Arabia

506771936Analyzed
1v1 RM · 17d ago on Sep 15, 2026· 38m 39s· 2 players
Game mode
Random Map
Map size
Tiny (2 player)
Population
200
Speed
Normal
Resources
Standard
Victory
Conquest
Starting age
Dark Age
Ending age
Imperial Age
RankedLock teamsTeams togetherTeam positionsShared explorationLock speedFull tech treeHidden civsTurbo modeCheats
Victory
Defeat
🇺🇸 Persians · United States
1578
+24
🇨🇴 Maya · Colombia
1678
-20
CedarBongo4397
4:50 Loom
8:08 Feudal Age
11:29 Double-Bit Axe
12:53 Horse Collar
19:08 Castle Age
17:27 Gold Mining
19:40 Wheelbarrow
19:45 Bow Saw
19:42 Heavy Plow
20:10 Town Watch
23:11 Thumb Ring
23:52 Fletching
24:27 Bloodlines
25:15 Bodkin Arrow
25:55 Husbandry
27:19 Ballistics
27:02 Padded Archer Armor
28:25 Leather Archer Armor
30:08 Parthian Tactics
32:24 Light Cavalry
33:10 Scale Barding Armor
33:15 Forging
33:27 Hand Cart
34:20 Chain Barding Armor
41:22 Imperial Age
17_Neo_
0:27 Loom
9:39 Feudal Age
10:14 Double-Bit Axe
19:29 Castle Age
17:49 Gold Mining
17:40 Horse Collar
18:35 Fletching
19:31 Crossbowman
20:17 Bodkin Arrow
21:19 Ballistics
22:56 Eagle Warrior
24:57 Scale Mail Armor
27:46 Padded Archer Armor
31:23 Thumb Ring
37:32 Wheelbarrow
Connection lost

Rejoining the realm…

Still unreachable

The connection could not be restored.

Session expired

The server has moved on; the page needs a fresh start.